 Dungeon Crawl Stone Soup version 0.28.0-1-gb440e238dd (webtiles) character file.

Game seed: 3404504854776602328

39 mcwallace the Ducker (level 3, -4/27 HPs)
             Began as a Djinni Fire Elementalist on Feb 20, 2022.
             Slain by Terence (5 damage)
             ... on level 2 of the Dungeon.
             The game lasted 00:03:21 (1686 turns).

mcwallace the Ducker (Djinni Fire Elementalist)     Turns: 1686, Time: 00:03:21

Health: -4/27      AC:  2    Str:  7    XL:     3   Next: 67%
Gold:   45         EV: 13    Int: 18    God:
                   SH:  0    Dex: 19

rFire   + + .      SeeInvis .   c - +0 mace {mace}
rCold   x . .      Faith    .   (no shield)
rNeg    . . .      Spirit   .   a - +0 robe
rPois   ∞          Reflect  .   (no helmet)
rElec   .          Harm     .   (no cloak)
rCorr   .          Rampage  .   (no gloves)
Will    .....                   (boots unavailable)
Stlth   ++........              (no amulet)
HPRegen 0.09/turn               j - +6 ring of dexterity
MPRegen 0.00/turn               (no ring)

@: flying
A: sickness immunity, fire resistance 2, cold vulnerability 1, float, innate
caster, HP casting, extra vitality 1
a: no special abilities


You were on level 2 of the Dungeon.
You visited 1 branch of the dungeon, and saw 2 of its levels.

You collected 45 gold pieces.


Innate Abilities, Weirdness & Mutations

You are immune to sickness and miasma.
You are immune to poison.
Your flesh is very heat resistant. (rF++)
You are vulnerable to cold. (rC-)
You float through the air rather than walking.
You learn spells naturally, not from books.
Your magical power is your life essence.
You have superior vitality. (+4 MHP)


   Skills:
 + Level 1.2 Fighting
 + Level 2.8 Dodging
 + Level 2.1 Stealth
 + Level 2.6 Spellcasting


You couldn't memorise any spells.
You knew the following spells:

 Your Spells              Type           Power      Damage    Failure   Level
a - Foxfire               Conj/Fire      48%        2x1d6     5%          1
b - Scorch                Fire           24%        2d6       9%          2
c - Conjure Flame         Conj/Fire      12%        6-21      17%         3
d - Inner Flame           Hex/Fire       12%        N/A       17%         3
e - Flame Wave            Conj/Fire      12%        2d6       50%         4
f - Shock                 Conj/Air       48%        1d6       5%          1
Your spell library was empty.

Inventory:

Hand Weapons
 c - a +0 mace (weapon) {mace}
   (You found it on level 1 of the Dungeon)
 d - a +0 dagger {short}
   (You took it off a kobold on level 1 of the Dungeon)
Missiles
 e - 23 stones {throwing}
 g - 15 arrows
 h - 2 boomerangs {throwing}
Armour
 a - a +0 robe (worn)
Magical Staves
 m - a staff of conjuration {!a@e2staff}
   (You found it on level 2 of the Dungeon)
Jewellery
 j - a +6 ring of dexterity (left hand)
   (You found it on level 1 of the Dungeon)
Scrolls
 b - a scroll of fog {unknown}
 f - a scroll of noise {unknown}
 i - a scroll of teleportation {unknown}
 k - a scroll of fear {unknown}
Potions
 l - a potion of curing {unknown}

Dungeon Overview and Level Annotations

Branches:
Dungeon (2/15)

Altars:

Annotations:
D:2 Terence

##.####....⌠...⌠...⌠......#
#........................#
########.⌠...⌠...⌠...⌠....#
#.......#.............#....
#.......######.##.#..##...##
#.......# #....#........
#.......###.####........
#.......##...# #......$#####
#.......##...###@####. #...#
#.......#......@....# ##.<.#
######...........##.# #....#
#...........##.###...## ###
#...........##.##†...# ....
####.....#.###......##
##$..####.......###....⌠†#
#...................#....#
.......###############....#


You could see Terence (berserk).


Message History

😕 HP[-1]
You take 1 damage, and now have 26/27 hp.
The foxfire hits the kobold.
The kobold shouts!
The foxfire hits the kobold.
You kill the kobold!
A worm comes into view.
Things that are here:
a +0 whip {mace}; a kobold corpse; 😎 HP[+1]
Your hp is fully restored (27).
A worm is nearby!
Casting: Foxfire (safe; 5% risk of failure)
Confirm with . or Enter, or press ? or * to list all spells.
Okay, then.
Casting: Foxfire (safe; 5% risk of failure)
Confirm with . or Enter, or press ? or * to list all spells.
Nothing appears to happen. 😕 HP[-2]
You take 2 damage, and now have 25/27 hp.
You start resting. 😎 HP[+2]
Your hp is fully restored (27).
Things that are here:
a +0 whip {mace}; a kobold corpse
Found a stone staircase leading down.
A worm is nearby!
You can't see any susceptible monsters within range! (Use Z to cast anyway.)
A worm is nearby!
Flames lash the worm.
The worm's fire resistance burns away. 😕 HP[-2]
You take 2 damage, and now have 25/27 hp.
You miscast Scorch.
You are very lightly contaminated with residual magic.
Nothing appears to happen. 😕 HP[-2]
You take 2 damage, and now have 23/27 hp.
Flames lash the worm.
The worm is burned terribly!
You kill the worm! 😕 HP[-1]
You take 1 damage, and now have 22/27 hp.
Your magical contamination has completely faded away.
m - a staff of conjuration {!a@e2staff} 😎 HP[+5]
Your hp is fully restored (27).
Terence the Incautious comes into view.
He is wielding a +0 short sword and wearing a +1 chain mail of poison resistance.
Casting: Scorch (safe; 9% risk of failure)
Confirm with . or Enter, or press ? or * to list all spells.
Okay, then.
Casting: Scorch (safe; 9% risk of failure)
Confirm with . or Enter, or press ? or * to list all spells.
You conjure some foxfire! 😕 HP[-1]
You take 1 damage, and now have 26/27 hp.
Casting: Foxfire (safe; 5% risk of failure)
Confirm with . or Enter, or press ? or * to list all spells.
You conjure some foxfire!
The foxfire hits Terence.
Terence drinks a potion.
Terence goes berserk! 😕 HP[-1]
You take 1 damage, and now have 25/27 hp.
Casting: Foxfire (safe; 5% risk of failure)
Confirm with . or Enter, or press ? or * to list all spells.
You conjure some foxfire!
The foxfire hits Terence but does no damage.
The foxfire hits Terence.
The foxfire hits Terence but does no damage. 😕 HP[-1]
You take 1 damage, and now have 24/27 hp.
Casting: Foxfire (safe; 5% risk of failure)
Confirm with . or Enter, or press ? or * to list all spells.
You conjure some foxfire!
The foxfire hits Terence but does no damage.
Terence closely misses you. x2 😕 HP[-1]
You take 1 damage, and now have 23/27 hp.
The foxfire hits Terence.
Terence hits you with a +0 short sword. 😕 HP[-2]
You take 2 damage, and now have 21/27 hp.
Casting: Foxfire (safe; 5% risk of failure)
Confirm with . or Enter, or press ? or * to list all spells.
Flames lash Terence.
Terence's fire resistance burns away.
Terence hits you with a +0 short sword!
* * * LOW HITPOINT WARNING * * *
Terence hits you with a +0 short sword!
* * * LOW HITPOINT WARNING * * *
😱 HP[-20]
You take 20 damage, and now have 1/27 hp.
MASSIVE DAMAGE!! (PAUSE) Unknown command.
Casting: Scorch (safe; 9% risk of failure)
Confirm with . or Enter, or press ? or * to list all spells.
You don't have enough health to cast this spell.
Unknown command.
Terence hits you but does no damage.
Terence is no longer more vulnerable to fire.
Terence misses you.
Terence rages.
Terence hits you with a +0 short sword.
You die...

Skill      XL: |  1  2  3 |
---------------+----------+-----
Fighting       | 1 |  1.2
Stealth        | 2 |  2.1
Dodging        | |  2.8
Spellcasting   | |  2.6

Action                   || total
-------------------------++-------
Melee: Mace              ||    16
       Unarmed           ||     1
 Cast: Foxfire           ||    57
       Scorch            ||     4
Armor: Robe              ||     6
Dodge: Dodged            ||    16

Levels and vault maps discovered:
D:1:      ncdulo_halloftheorcs, layout_loops_ring
D:2:      layout_loops_cross, shapermc_ecumenical_altar_venn, minivault_25,
          grunt_ministairs_12, kennysheep_crisscross, uniq_terence, uniq_natasha

Notes
Turn   | Place    | Note
-------+----------+-------------------------------------------
     0 | D:1      | mcwallace the Djinni Fire Elementalist began the quest for
                  | the Orb.
     0 | D:1      | Reached XP level 1. HP: 15/15 MP: 0/0
     0 | D:1      | magus.rc [v1.9.6]
   362 | D:1      | Reached XP level 2. HP: 13/22 MP: 0/0
  1112 | D:1      | Reached XP level 3. HP: 25/26 MP: 0/0
  1112 | D:1      | Learned a level 1 spell: Shock
  1239 | D:2      | Reached skill level 1 in Fighting
  1239 | D:2      | Reached skill level 2 in Stealth
  1451 | D:2      | Found a faded altar of an unknown god.
  1669 | D:2      | Noticed Terence
  1680 | D:2      | HP: 1/27 [Terence (8)]
  1686 | D:2      | Slain by Terence

Vanquished Creatures
  A worm (D:2)
  2 dart slugs (D:2)
  5 bats
  3 goblins
  4 hobgoblins
  4 kobolds
  A quokka (D:1)
  4 ball pythons
  2 frilled lizards (D:1)
  5 rats
31 creatures vanquished.

Vanquished Creatures (others)
  81 foxfires
81 creatures vanquished.

Grand Total: 112 creatures vanquished

Table legend:
 A = Non-vault XP
 B = Vault XP
 C = Vault XP percentage of total XP
 D = Non-vault monster count
 E = Vault monster count
 F = Vault count percentage of total count
                 A         B        C        D         E       F
            +---------+---------+-------+---------+---------+-------
      Total |      50 |       6 |  10.7 |      29 |       2 |   6.5
            +---------+---------+-------+---------+---------+-------
        D:1 |      29 |       0 |   0.0 |      20 |       0 |   0.0
        D:2 |      21 |       6 |  22.2 |       9 |       2 |  18.2
            +---------+---------+-------+---------+---------+-------

Illustrated notes

Table legend:
 A = Kills in this place as a percentage of kills in entire the game.
 B = Kills by you in this place as a percentage of kills by you in the entire game.
 C = Kills by friends in this place as a percentage of kills by friends in the entire game.
 D = Other kills in this place as a percentage of other kills in the entire game.
 E = Experience gained in this place as a percentage of experience gained in the entire game.
 F = Experience gained in this place divided by the number of levels of this place that you have seen.
                   A       B       C       D       E      F
               +-------+-------+-------+-------+-------+----------------------
         Total | 100.0 | 100.0 |   N/A |   N/A | 100.0 |  28.0
       Dungeon | 100.0 | 100.0 |   N/A |   N/A | 100.0 |  28.0
               +-------+-------+-------+-------+-------+----------------------

Table legend: (Time is in decaauts)
 A = Elapsed time spent in this place.
 B = Non-inter-level travel time spent in this place.
 C = Inter-level travel time spent in this place.
 D = Time resting spent in this place.
 E = Time spent auto-exploring this place.
 F = Levels seen in this place.
 G = Mean time per level.
                   A        B        C        D        E       F      G
               +--------+--------+--------+--------+--------+-----+--------+
         Total |   1691 |   1654 |     37 |     16 |   1407 |   2 |  845.5 |
       Dungeon |   1691 |   1654 |     37 |     16 |   1407 |   2 |  845.5 |
               +--------+--------+--------+--------+--------+-----+--------+

Top non-repeatable levels by time:
     D:1: 1240 daAuts
     D:2: 450 daAuts
